 Dungeon Crawl Stone Soup version 0.32-a0-791-gfc315c9ecd (webtiles) character file.

Game seed: 374483633259125079

1371 Superdj450 the Trooper (level 8, -5/87 HPs)
             Began as an Oni Berserker on Mar 20, 2024.
             Was a Priest of Trog.
             Slain by an ogre
             ... wielding a +0 giant spiked club
              (26 damage)
             ... on level 6 of the Dungeon.
             The game lasted 00:17:59 (5521 turns).

Superdj450 the Trooper (Oni Berserker)              Turns: 5521, Time: 00:18:01

Health: -5/87      AC:  4    Str: 24    XL:     8   Next: 65%
Magic:  8/8        EV:  9    Int:  8    God:    Trog [***...]
Gold:   328        SH:  5    Dex:  8    Spells: 7/7 levels left

rFire   . . .        p - +0 war axe (elec)
rCold   + . .        (no shield)
rNeg    + . .        x - +1 robe {rN+}
rPois   .            (helmet restricted)
rElec   .            (no cloak)
rCorr   .            (gloves unavailable)
SInv    .            (boots unavailable)
Will    ++...        f - amulet of reflection
Stlth   ++           m - ring of protection from cold
HPRegen 1.34/turn    (no ring)
MPRegen 0.11/turn

%: reflection
@: strong-willed, regenerating
A: large, unfitting armour, horns 1, tough skin 1, double potion healing,
drunken brawling
a: Renounce Religion, Berserk, Trog's Hand


You were on level 6 of the Dungeon.
You worshipped Trog.
Trog was most pleased with you.
You visited 1 branch of the dungeon, and saw 6 of its levels.
You also visited: Ossuary.

You collected 328 gold pieces.

Inventory:

Hand Weapons
 d - a +0 whip of freezing
 p - a +0 war axe of electrocution (weapon)
 w - a +1 dagger of speed
Missiles
 k - 2 throwing nets (quivered)
Armour
 x - a +1 robe of positive energy (worn)
Jewellery
 f - an amulet of reflection (around neck)
 m - a ring of protection from cold (left hand)
Talismans
 l - a beast talisman
Scrolls
 h - 2 scrolls of teleportation
 q - a scroll of blinking {unknown}
 s - 2 scrolls of amnesia {unknown}
 t - 2 scrolls of enchant armour {unknown}
Potions
 a - 2 potions of ambrosia
 b - a potion of brilliance {unknown}
 c - 6 potions of curing
 e - a potion of degeneration {unknown}
 g - a potion of might {unknown}
 i - 2 potions of attraction
 j - 2 potions of lignification
 o - 2 potions of enlightenment {unknown}
 r - a potion of heal wounds {unknown}
 u - a potion of magic {unknown}
 v - a potion of haste {unknown}


   Skills:
 + Level 7.5 Fighting
 + Level 5.0(6.3) Axes
 + Level 5.8(6.7) Maces & Flails
 + Level 5.0 Dodging
 + Level 2.2 Stealth


You had 7 spell levels left.
You didn't know any spells.
Your spell library contained the following spells:

 Spells                   Type           Power      Damage    Failure   Level
 Foxfire                  Conj/Fire      0%         2x1d4     41%         1
 Call Canine Familiar     Summ           0%         N/A       78%         3
 Inner Flame              Hex/Fire       0%         N/A       78%         3
 Sigil of Binding         Hex            0%         N/A       78%         3
 Dimensional Bullseye     Hex/Tloc       0%         N/A       99%         4
 Flame Wave               Conj/Fire      0%         2d4       99%         4
 Sticky Flame             Fire/Alch      0%         2d4       99%         4
 Plasma Beam              Fire/Air       0%         2x1d10    100%        6
 Starburst                Conj/Fire      0%         6d3       100%        6


Dungeon Overview and Level Annotations

Branches:
Dungeon (6/15)             Temple (0/1) D:4         Ossuary (visited)

Altars:
Kikubaaqudgha
Nemelex Xobeh


Innate Abilities, Weirdness & Mutations

You are too large for most types of armour.
You have a pair of small horns on your head.
You have tough skin. (AC +1)
You gain doubled healing and magic from potions.
Whenever you drink a healing potion, you attack all around you.


Message History

The liquid fire burns you!
The bombardier beetle bites you but does no damage.
You slash the bombardier beetle!
You kill the bombardier beetle!
Trog accepts your kill. The liquid fire burns you!
Your base Axes skill increases to level 5!
Your Dodging skill increases to level 5!
Found a stone staircase leading down.
You shake off some of the fire as you move.
The liquid fire burns you!
You see here a bombardier beetle corpse.
You shake off the liquid fire.
You start resting.
You hear the slow rusting of a drain nearby.
An ogre comes into view. It is wielding a +0 giant club.
You hear the slow rusting of a drain nearby.
You see here a bombardier beetle corpse.
The ogre shouts!
An ogre comes into view. It is wielding a +0 giant spiked club.
The ogre hits you with a +0 giant club!!
The ogre shouts!
You hit the ogre.
The ogre is lightly wounded.
The ogre misses you.
You barely miss the ogre.
The ogre is lightly wounded.
You slash the ogre!
The ogre is moderately wounded.
The ogre hits you with a +0 giant club!!
The ogre hits you with a +0 giant spiked club!!
* * * LOW HITPOINT WARNING * * *
You completely miss the ogre.
The ogre is moderately wounded.
You hit the ogre. The ogre hits you with a +0 giant club.
* * * LOW HITPOINT WARNING * * *
Your skin crawls.
You feel strong-willed.
The ogre hits you with a +0 giant spiked club!!
You die...

.##.... .? .......
#..##.... .......
#..#..... ....)..
###......>#
.......##.........#
........#.........#
.......O...........
......O@<..........
..........†...#.
..............##
#.#............# #
#...............
#..#.............
#...#.......##.###
....##.?......###
.... ##........#


You could see 2 ogres.

Vanquished Creatures
  Pikel (D:5)
  An ice beast (D:5)
  An ogre (D:5)
  A lemure (D:5)
  A scorpion (D:5)
  A burial acolyte (Ossuary)
  3 wights (Ossuary)
  2 bombardier beetles
  3 iguanas
  Jessica (D:3)
  5 orc wizards (D:4)
  3 gnolls (D:3)
  6 adders
  3 adder skeletons (Ossuary)
  A ribbon worm (D:4)
  3 dart slugs
  9 orcs
  5 bats
  10 endoplasms
  A giant cockroach (D:2)
  8 goblins
  6 hobgoblins
  13 jackals
  10 quokkas
  12 ball pythons
  5 ball python skeletons (Ossuary)
  5 frilled lizards
  A hobgoblin skeleton (Ossuary)
  7 kobolds
  A kobold skeleton (Ossuary)
  7 rats
136 creatures vanquished.

Notes
Turn   | Place    | Note
-------+----------+-------------------------------------------
     0 | D:1      | Superdj450 the Oni Berserker began the quest for the Orb.
     0 | D:1      | Reached XP level 1. HP: 24/24 MP: 1/1
   159 | D:1      | Reached XP level 2. HP: 29/32 MP: 2/2
   443 | D:1      | Reached XP level 3. HP: 39/40 MP: 3/3
   576 | D:1      | Found a faded altar of an unknown god.
   748 | D:1      | Reached ** piety under Trog
  1244 | D:2      | Reached skill level 5 in Fighting
  1308 | D:2      | Found an ancient bone altar of Kikubaaqudgha.
  1350 | D:2      | Reached XP level 4. HP: 50/50 MP: 4/4
  1833 | D:2      | Reached *** piety under Trog
  1865 | D:2      | Reached XP level 5. HP: 51/57 MP: 5/5
  1988 | D:3      | Found a sparkling altar of Nemelex Xobeh.
  2290 | D:3      | Noticed Jessica
  2296 | D:3      | Killed Jessica
  2721 | D:4      | Found a staircase to the Ecumenical Temple.
  2772 | D:4      | Reached XP level 6. HP: 62/67 MP: 6/6
  2855 | D:4      | Reached skill level 5 in Maces & Flails
  3129 | D:4      | Reached skill level 6 in Fighting
  3240 | D:4      | Found a sand-covered staircase.
  3257 | Ossuary  | Entered an ossuary
  3307 | Ossuary  | Reached skill level 1 in Stealth
  3402 | Ossuary  | Noticed a laughing skull
  3409 | Ossuary  | Noticed a laughing skull
  3413 | Ossuary  | Noticed a laughing skull
  3415 | Ossuary  | Noticed a laughing skull
  3423 | Ossuary  | Reached XP level 7. HP: 54/75 MP: 7/7
  3426 | Ossuary  | Reached skill level 1 in Axes
  4223 | D:5      | Entered Level 5 of the Dungeon
  4561 | D:5      | Reached **** piety under Trog
  4687 | D:5      | Noticed Pikel
  4718 | D:5      | Killed Pikel
  4719 | D:5      | Reached skill level 7 in Fighting
  4719 | D:5      | Reached XP level 8. HP: 67/87 MP: 8/8
  5428 | D:6      | Reached skill level 5 in Axes
  5428 | D:6      | Reached skill level 5 in Dodging
  5521 | D:6      | Slain by an ogre

Illustrated notes

Levels and vault maps discovered:
D:1:      sevenhm_arrival_forest_fort_large_2, layout_basic,
          ebering_ecumenical_altar_abandoned, grunt_decor_clamped,
          corexii_corridor_pit
D:2:      layout_basic, basic_altar, dreamdust_mushroom_princess,
          minmay_divided_ellipse
D:3:      layout_loops_cross, nemelex_xobeh_ov_fountains_minmay,
          minmay_strange_pillars, uniq_jessica
D:4:      layout_loops_corners, minmay_temple_entry_ruins,
          nicolae_ossuary_entry_monument
D:5:      wander_river, layout_basic, uniq_pikel
D:6:      layout_cave_pools, grunt_temple_overflow_lords_of_destruction,
          kennysheep_little_box, mainiacjoe_sewer_entry_somewhere_in_here_2

Skill      XL: |  1  2  3  4  5  6  7  8 |
---------------+-------------------------+-----
Dodging        | 3 4 5 |  5.0
Fighting       | 5 6 7 |  7.5
Maces & Flails | 4 5 |  5.8
Stealth        | 1 2 |  2.2
Axes           | 4 5 |  5.0

Action                     |  1- 3 |  4- 6 |  7- 9 || total
---------------------------+-------+-------+-------++-------
  Melee: Mace              |    93 |   141 |       ||   234
         Headbutt          |     5 |    23 |    10 ||    38
         War axe           |       |    25 |    92 ||   117
 Invoke: Berserk           |     1 |     3 |     1 ||     5
         Trog's Hand       |       |     1 |     2 ||     3
    Use: Scroll            |       |       |     9 ||     9
   Stab: Sleeping          |       |     2 |     3 ||     5
 Armour: Animal skin       |    71 |   115 |     5 ||   191
         Robe              |       |       |    69 ||    69
  Dodge: Dodged            |    50 |    80 |    45 ||   175

Table legend: (Time is in decaauts)
 A = Elapsed time spent in this place.
 B = Non-inter-level travel time spent in this place.
 C = Inter-level travel time spent in this place.
 D = Time resting spent in this place.
 E = Time spent auto-exploring this place.
 F = Levels seen in this place.
 G = Mean time per level.
                   A        B        C        D        E       F      G
               +--------+--------+--------+--------+--------+-----+--------+
         Total |   5642 |   5452 |    190 |    763 |   3156 |   7 |  806.0 |
       Dungeon |   5042 |   4852 |    190 |    478 |   3093 |   6 |  840.3 |
       Ossuary |    600 |    600 |      0 |    285 |     63 |   1 |  600.0 |
               +--------+--------+--------+--------+--------+-----+--------+

Top non-repeatable levels by time:
     D:1: 1248 daAuts
     D:5: 1211 daAuts
     D:4: 993 daAuts
     D:3: 747 daAuts
     D:2: 730 daAuts
 Ossuary: 600 daAuts
     D:6: 110 daAuts
